Cogmind - Beta 11.1 @@@ ROGUE MODE // 2022.06.24 @ 19:21:03 // Winter2019/RPGLIKE Player: Terminus Result: Destroyed by 8R-AWN with 8R-AWN's Boregun Performance ------------- Evolutions (1) 500 Regions Visited (4) 800 Robots Destroyed (56) 280 Value Destroyed (1354) 1354 Prototype IDs (0) 0 Alien Tech Used (0) 0 Bonus (-198) -198 TOTAL SCORE: 2736 Bonus ------- Friendly Fire -198 Cogmind --------- Core Integrity 0/600 Matter 8/300 Energy 275/275 System Corruption 0% Temperature Cool (0) Movement Treading (152) Location -9/Mines Parts ------- > --- POWER (1) -------- Deuterium Engine > --- PROPULSION (2) --- Light Treads Advanced Treads > --- UTILITY (5) ------ Cooling System Cooling System Salvage Targeting Computer Medium Armor Plating Hardened Light Armor Plating > --- WEAPON (4) ------- Autogun Autogun Autogun Autogun > --- INVENTORY (3) ---- Grenade Launcher Peak State ------------ > --- POWER ------------ Deuterium Engine > --- PROPULSION ------- Light Treads Advanced Treads > --- UTILITY ---------- Improved Heat Sink Improved Heat Sink Improved Heat Sink Targeting Computer Targeting Computer > --- WEAPON ----------- Heavy Assault Rifle Autogun Autogun Autogun > --- INVENTORY -------- Protomatter Grenade Launcher [Rating: 26] Favorites ----------- Power Ion Engine Engine Ion Engine Propulsion Light Treads Treads Light Treads Utility Targeting Computer Device Improved Heat Sink Processor Targeting Computer Protection Hardened Light Armor Plating Weapon Autogun Energy Gun Beam Rifle Ballistic Gun Autogun Build | -11 -10 -10 -9 -9 ------- Run | Scr Mat Min Mat Min Slots Evolved 8 | 4 2 . 2 . Power . | . . . . . Propulsion 1 | 1 . . . . Utility 4 | 2 1 . 1 . Weapon 3 | 1 1 . 1 . Parts Attached 40 | 5 12 3 19 1 Power 4 | 1 1 . 2 . Engine 4 | 1 1 . 2 . Core . | . . . . . Reactor . | . . . . . Propulsion 4 | 2 . 2 . . Treads 4 | 2 . 2 . . Leg . | . . . . . Wheel . | . . . . . Hover . | . . . . . Flight . | . . . . . Utility 16 | . 6 1 8 1 Device 9 | . 3 1 5 . Storage . | . . . . . Processor 4 | . 3 . . 1 Hackware . | . . . . . Protection 3 | . . . 3 . Artifact . | . . . . . Weapon 16 | 2 5 . 9 . Energy Gun 3 | . 3 . . . Energy Cannon . | . . . . . Ballistic Gun 13 | 2 2 . 9 . Ballistic Cannon . | . . . . . Launcher . | . . . . . Special Weapon . | . . . . . Impact Weapon . | . . . . . Slashing Weapon . | . . . . . Piercing Weapon . | . . . . . Special Melee Weapon . | . . . . . Unidentified Prototypes . | . . . . . Parts Lost . | . . . . . Power . | . . . . . Propulsion . | . . . . . Utility . | . . . . . Weapon . | . . . . . Highest Loss Streak . | . . . . . To Critical Strikes . | . . . . . Average Slot Usage (%) 94 | . 81 100 99 100 Engine 9 | . 11 10 8 8 Treads 18 | . 22 20 16 16 Device 17 | . 11 20 20 16 Processor 12 | . 8 20 11 8 Protection 4 | . . . 7 16 Energy Gun 6 | . 6 20 2 . Ballistic Gun 24 | . 20 10 30 33 Naked Turns . | . . . . . Heaviest Build 37 | 8 16 15 37 37 Greatest Support 42 | 40 40 42 42 42 Greatest Overweight (x) . | . . . . . Average Overweight (x) . | . . . . . Largest Inventory Capacity 3 | . 1 1 3 3 Average Capacity 1 | . . 1 2 3 Most Carried 3 | . 1 1 3 3 Average Carried 1 | . . 1 2 1 Final Capacity 3 | . 1 1 3 3 Final Carried 3 | . 1 1 3 1 Class Distribution -------------------- 68% | Gunner 16% | Mutant 12% | Scavenger-Gunner Dominant Class ---------------- Mutant | -10/Materials Gunner | -10/Mines Gunner | -9/Materials Tank | -9/Mines Resources | -11 -10 -10 -9 -9 ----------- Run | Scr Mat Min Mat Min Matter Collected 1642 | 147 330 107 1058 . Remotely 91 | . 91 . . . Salvage Created 1799 | . 449 121 1229 . Parts 136 | . 48 3 85 . Haulers Intercepted 8 | . 2 . 6 . Recyclers Shooed 3 | . . . 3 . Parts Field Recycled . | . . . . . Retrieved Matter . | . . . . . Parts Self-Destructed . | . . . . . Prevented . | . . . . . Kills | -11 -10 -10 -9 -9 ------- Run | Scr Mat Min Mat Min Combat Hostiles Destroyed 35 | . 15 2 18 . Guns 35 | . 15 2 18 . Classes Destroyed 9 | . 5 . 4 . Worker 2 | . . . 2 . Hauler 8 | . 2 . 6 . Recycler 4 | . . . 4 . Operator 2 | . 1 . 1 . Watcher 5 | . 2 . 3 . Swarmer 5 | . 3 . 2 . Grunt 23 | . 12 2 9 . Brawler 1 | . . . 1 . Sentry 6 | . . . 6 . Best Kill Streak 4 | . 3 2 4 . Combat Bots Only 3 | . 3 2 3 . Max Kills in Single Turn 2 | . 1 1 2 . Gunslinging . | . . . . . Exploded . | . . . . . Melee . | . . . . . Uniques/NPCs Destroyed . | . . . . . Combat | -11 -10 -10 -9 -9 -------- Run | Scr Mat Min Mat Min Damage Taken 2240 | . 616 64 508 1052 Core 1712 | . 510 54 405 743 Absorbed by Shields . | . . . . . Redirected to Core 1379 | . 347 32 321 679 Core Remaining (%) 100 | 100 . 100 . . Volleys Fired 154 | . 72 4 56 22 Largest 4 | . 3 3 4 4 Hottest 132 | . 132 132 132 92 Shots Fired 481 | . 161 12 220 88 Gun 481 | . 161 12 220 88 Cannon . | . . . . . Launcher . | . . . . . Special . | . . . . . Kinetic 436 | . 136 4 208 88 Thermal 45 | . 25 8 12 . Explosive . | . . . . . Electromagnetic . | . . . . . Robot Hit Streak 16 | . 14 16 12 16 Robot Miss Streak 4 | . 4 1 3 2 Penetration Max . | . . . . . Secondary Targets 6 | . 4 . 2 . Max Gunslinging Chain 1 | . 1 . 1 . Shots Hit Robots 324 | . 99 9 145 71 Core Hits 106 | . 38 4 54 10 Critical Kills . | . . . . . Critical Parts Destroyed 2 | . . . 2 . Critical Strikes 4 | . . . 4 . Burn 2 | . . . 2 . Destroy 2 | . . . 2 . Melee Attacks . | . . . . . Impact . | . . . . . Slashing . | . . . . . Piercing . | . . . . . Sneak Attacks . | . . . . . Combat Hostiles . | . . . . . Follow-up Attacks . | . . . . . Damage Inflicted 4668 | . 1155 132 2285 1096 Guns 4574 | . 1133 132 2269 1040 Cannons . | . . . . . Explosions . | . . . . . Melee . | . . . . . Ramming 94 | . 22 . 16 56 Kinetic 4077 | . 874 27 2136 1040 Thermal 497 | . 259 105 133 . Explosive . | . . . . . Electromagnetic . | . . . . . Impact . | . . . . . Slashing . | . . . . . Piercing . | . . . . . Highest Corruption 6 | . 6 6 . . Average Corruption 4 | . 3 6 . . Corruption Purged . | . . . . . Corruption Blocked . | . . . . . Effects 32 | . 17 15 . . Message Errors 6 | . 2 4 . . Matter Fused 7 | . 4 3 . . Heat Flow Errors 5 | . 4 1 . . Energy Discharges 5 | . 3 2 . . Data Loss (minor) 5 | . 1 4 . . Data Loss (major) 2 | . 2 . . . Misfires 1 | . 1 . . . Alerts 1 | . . 1 . . Overload Shots . | . . . . . Overflow Damage . | . . . . . Projectiles . | . . . . . Explosions . | . . . . . Melee . | . . . . . Knockbacks . | . . . . . Impact . | . . . . . Kinetic . | . . . . . Secondary . | . . . . . Self-Inflicted Damage . | . . . . . Shots . | . . . . . Rammed 36 | . 11 1 6 18 Targets Rammed 36 | . 11 1 6 18 Kicked . | . . . . . Crushed . | . . . . . Highest Temperature 213 | . 213 198 14 . Average Temperature 47 | . 52 41 8 . Received Heat Transfer 576 | . 306 36 234 . Siege Activations . | . . . . . Robots Corrupted . | . . . . . Combat Hostiles . | . . . . . Parts Fried . | . . . . . Impact Corruptions . | . . . . . Robots Melted . | . . . . . Combat Hostiles . | . . . . . Parts Melted 6 | . 1 4 1 . Heat Transferred 1371 | . 631 259 481 . Parts Sabotaged . | . . . . . Parts Stolen . | . . . . . Parts Stripped . | . . . . . Power Chain Reactions . | . . . . . Missiles Intercepted . | . . . . . Alert | -11 -10 -10 -9 -9 ------- Run | Scr Mat Min Mat Min Peak Influence 320 | . 320 138 235 48 Initial 88 | . . 88 . 48 Average 128 | . 213 57 116 48 Maximum Alert Level 1 | . 1 . 1 . Low Security (%) 73 | 100 40 100 80 100 Level 1 26 | . 59 . 19 . Level 2 . | . . . . . Level 3 . | . . . . . Level 4 . | . . . . . Level 5 . | . . . . . High Security . | . . . . . Max Security . | . . . . . Squads Dispatched 11 | . 4 1 6 . Investigation 7 | . 2 1 4 . Extermination . | . . . . . Reinforcement 4 | . 2 . 2 . Assault . | . . . . . Garrison . | . . . . . Intercept . | . . . . . Searches Triggered . | . . . . . Construction Impeded . | . . . . . Haulers Reinforced . | . . . . . Active Scanning Responses . | . . . . . Cargo Convoy Interrupts . | . . . . . Stealth | -11 -10 -10 -9 -9 --------- Run | Scr Mat Min Mat Min Distress Signals . | . . . . . Communications Jammed . | . . . . . Distress Signals . | . . . . . Times Spotted 62 | . 25 3 33 1 Peak Tracking Total 5 | . 5 2 4 1 Tactical Retreats 3 | . 2 . 1 . Traps | -11 -10 -10 -9 -9 ------- Run | Scr Mat Min Mat Min Traps Triggered 9 | . 6 1 2 . Indirectly . | . . . . . Trap Hack Attempts . | . . . . . Triggered . | . . . . . Disarmed . | . . . . . Reprogrammed . | . . . . . Reused . | . . . . . Traps Extracted . | . . . . . Installed . | . . . . . Triggered . | . . . . . Machines | -11 -10 -10 -9 -9 ---------- Run | Scr Mat Min Mat Min Machines Disabled 1 | . . . 1 . Max in Single Turn 1 | . . . 1 . Machines Sabotaged . | . . . . . Garrisons Compromised . | . . . . . Overloaded Fab Kills . | . . . . . Hacking | -11 -10 -10 -9 -9 --------- Run | Scr Mat Min Mat Min Machines Accessed 15 | . 5 2 8 . Terminals 11 | . 4 . 7 . Fabricators . | . . . . . Repair Stations . | . . . . . Recycling Units 2 | . 1 . 1 . Scanalyzers . | . . . . . Garrison Access . | . . . . . Total Hacks 43 | . 13 2 28 . Successful 24 | . 6 2 16 . Failed 18 | . 6 . 12 . Catastrophic 1 | . 1 . . . Database Lockouts 1 | . 1 . . . Manual 25 | . 12 . 13 . Terminals 39 | . 12 . 27 . Fabricators . | . . . . . Repair Stations . | . . . . . Recycling Units 2 | . 1 . 1 . Scanalyzers . | . . . . . Garrison Access . | . . . . . Terminal Hacks 15 | . 3 2 10 . Robot Analysis 2 | . 1 . 1 . Open Door 2 | . . 2 . . Branch Access Points 1 | . . . 1 . Terminal Index 3 | . 1 . 2 . Unreport Threat 1 | . . . 1 . Transport Status 1 | . . . 1 . Hauler Manifests 2 | . . . 2 . Zone Layout 3 | . 1 . 2 . Fabricator Hacks . | . . . . . Repair Station Hacks . | . . . . . Recycling Unit Hacks . | . . . . . Scanalyzer . | . . . . . Garrison Access Hacks . | . . . . . Unauthorized Hacks 9 | . 3 . 6 . Terminals 7 | . 2 . 5 . Botnet 7 | . 2 . 5 . Fabricators . | . . . . . Repair Stations . | . . . . . Recycling Units 2 | . 1 . 1 . Tunnel 2 | . 1 . 1 . Scanalyzers . | . . . . . Garrison Access . | . . . . . Data Cores Recovered . | . . . . . Used . | . . . . . Hacking Detections 11 | . 4 . 7 . Full Trace Events 3 | . 1 . 2 . Feedback Events . | . . . . . Feedback Blocked . | . . . . . Robot Schematics Acquired . | . . . . . Robots Built . | . . . . . Authchips . | . . . . . Time . | . . . . . Total Robot Build Rating . | . . . . . Part Schematics Acquired . | . . . . . Parts Built . | . . . . . Authchips . | . . . . . Time . | . . . . . Total Part Build Rating . | . . . . . Parts Repaired . | . . . . . Time . | . . . . . Parts Recycled . | . . . . . Recycled Matter . | . . . . . Retrieved Matter . | . . . . . Retrieved Components . | . . . . . Parts Scanalyzed . | . . . . . Part Schematics Acquired . | . . . . . Parts Damaged . | . . . . . Bothacking | -11 -10 -10 -9 -9 ------------ Run | Scr Mat Min Mat Min Used RIF Installer . | . . . . . Robots Hacked . | . . . . . Non-combat . | . . . . . Combat . | . . . . . Robot Hacks Applied . | . . . . . Relay Couplers Released . | . . . . . Fabnet Peak Effective % . | . . . . . Robots Rewired . | . . . . . Allies Hacked . | . . . . . Hacks Repelled . | . . . . . Allies | -11 -10 -10 -9 -9 -------- Run | Scr Mat Min Mat Min Total Allies 1 | . . 1 . . Largest Group 1 | . . 1 1 . Highest-Rated Group 31 | . . 31 31 . Highest-Rated Ally 31 | . . 31 31 . Total Orders . | . . . . . Ally Attacks 1 | . . . 1 . Total Damage . | . . . . . Kills . | . . . . . Allies Corrupted . | . . . . . Allies Melted . | . . . . . Intel | -11 -10 -10 -9 -9 ------- Run | Scr Mat Min Mat Min Robot Analysis Total 2 | . 1 . 1 . Derelict Logs Recovered 2 | . . 2 . . Drone Launches . | . . . . . Drone Recoveries . | . . . . . Exploration | -11 -10 -10 -9 -9 ------------- Run | Scr Mat Min Mat Min Turns Passed 3798 | 47 1008 684 1953 106 Spaces Moved 1954 | 33 432 412 1072 5 Core 11 | 11 . . . . Treads 1943 | 22 432 412 1072 5 Legs . | . . . . . Wheels . | . . . . . Hover . | . . . . . Flight . | . . . . . Fastest Speed 50 | 50 160 145 152 152 Average Speed 154 | 123 160 159 152 152 Slowest Speed 160 | 160 160 160 152 152 Overloaded Moves . | . . . . . Propulsion Burnouts . | . . . . . Robots Hopped . | . . . . . Cave-ins Triggered . | . . . . . Exploration Rate (%) 56 | 3 86 94 96 5 Regions Visited 4 Branch Regions 2 Pre-discovered Areas 2 | . 1 . 1 . Known Exits Taken 2 | . . 1 1 . Unknown Exits Taken 2 | 1 1 . . . Scrap Searched 1 | . . 1 . . Spaces Dug . | . . . . . Terrain Destroyed . | . . . . . Melee . | . . . . . Projectile . | . . . . . AOE . | . . . . . Terrain Rammed . | . . . . . Walls Destroyed . | . . . . . Machines Disabled . | . . . . . Actions | -11 -10 -10 -9 -9 --------- Run | Scr Mat Min Mat Min Total 2420 | 37 604 432 1290 57 Wait 127 | . 37 8 78 4 Move 1950 | 32 431 411 1071 5 Hop . | . . . . . Pick Up 6 | . 1 . 5 . Fast Attach 30 | 5 11 1 13 . Attach . | . . . . . Detach 1 | . 1 . . . Swap 10 | . 1 2 6 1 Drop 27 | . 4 2 20 1 Fire 154 | . 72 4 56 22 Melee . | . . . . . Ram . | . . . . . Kick . | . . . . . Crush 36 | . 11 1 6 18 Escape Stasis . | . . . . . Rewire . | . . . . . Trap . | . . . . . Miscellaneous 79 | . 35 3 35 6 Route ------- -11/Scrapyard -10/Materials (discovered 4 exits: *Mat x2 / *Min x2) -10/Mines (discovered 2 exits: *Mat x2) -9/Materials (discovered 7 exits: [*Mat x3] / *Min x2 / *Sto x2) -9/Mines History --------- Turn | Location | Event 2 | -11/Scrapyard | Discovered new exit (range 16) 10 | -11/Scrapyard | Upgraded with Propulsion slot (x1) 10 | -11/Scrapyard | Upgraded with Utility slot (x2) 10 | -11/Scrapyard | Upgraded with Weapon slot (x1) 48 | -11/Scrapyard | Entered Materials 287 | -10/Materials | Discovered new exit (range 15) 337 | -10/Materials | Build established: Mutant 519 | -10/Materials | Discovered new exit (range 17) 612 | -10/Materials | Reached level 2 627 | -10/Materials | Upgraded with Utility slot (x1) 627 | -10/Materials | Upgraded with Weapon slot (x1) 656 | -10/Materials | Central database locked down 726 | -10/Materials | Discovered new exit (range 17) 1028 | -10/Materials | Discovered new exit (range 11) 1056 | -10/Materials | Entered Mines 1088 | -10/Mines | Build established: Gunner 1136 | -10/Mines | Discovered new exit (range 10) 1160 | -10/Mines | Met a Derelict shopkeep closing up shop 1360 | -10/Mines | A weapon hastily lodged in a ceiling crevice suddenly fell to the ground 1567 | -10/Mines | Received a Mining Laser from a helpful Derelict 1628 | -10/Mines | Learned Materials garrison access intel 1650 | -10/Mines | Met a Derelict who couldn't figure out how to use a Trap Extractor 1675 | -10/Mines | Identified exit to Materials 1740 | -10/Mines | Entered Materials 1740 | -9/Materials | Accompanied by 1 ally 1742 | -9/Materials | Reached level 3 1742 | -9/Materials | Upgraded with Weapon slot (x1) 1765 | -9/Materials | Reached level 4 1804 | -9/Materials | Upgraded with Utility slot (x1) 1909 | -9/Materials | Discovered new exit (range 15) 1924 | -9/Materials | Met 8R-AWN 2106 | -9/Materials | Discovered new exit (range 13) 2386 | -9/Materials | Discovered new exit (range 4) 2572 | -9/Materials | Reached level 5 2682 | -9/Materials | Discovered new exit (range 4) 2919 | -9/Materials | Discovered new exit (range 11) 3320 | -9/Materials | Identified exit to Mines 3320 | -9/Materials | Identified exit to Storage 3320 | -9/Materials | Discovered new exit (range 11) 3464 | -9/Materials | Discovered new exit (range 10) 3693 | -9/Materials | Entered Mines 3694 | -9/Mines | Met a Derelict bent on vengeance 3694 | -9/Mines | Followed 8R-AWN into the Mines 3695 | -9/Mines | Reached level 6 3700 | -9/Mines | Attacked by 8R-AWN 3729 | -9/Mines | Core integrity fell below 50% 3779 | -9/Mines | Core integrity fell below 20% 3799 | -9/Mines | Destroyed by 8R-AWN with 8R-AWN's Boregun Last Messages --------------- 03782_ Slammed into 8R-AWN. 03786_ Penetrated by HV Slug. 03786_ HV Slug penetrates Laser Drill. 03786_ Penetrated by HV Slug. 03786_ HV Slug penetrates Wall. 03788_ Slammed into 8R-AWN. 03790_ Penetrated by HV Slug. 03790_ Critical hit (Destroy). 03790_ HV Slug penetrates Wall. 03790_ Penetrated by HV Slug. 03790_ HV Slug penetrates Wall. 03791_ Slammed into 8R-AWN. 03795_ Penetrated by HV Slug. 03795_ HV Slug penetrates Wall. 03795_ Penetrated by HV Slug. 03795_ HV Slug penetrates Earth. 03796_ Slammed into 8R-AWN. 03796_ U-05 Engineer builds a Wall. 03799_ Penetrated by HV Slug. 03799_ Critical hit (Destroy). Map ----- +----------------------------------------------------+ | | | | | | | | | | | | | | | | | | | | | | | | | | | | | | | | | | | | | ???????????????????????? #???????????????????? | | ????????????????????????# ##?????????????????? | | ???????????????????????###;###???????????????? | | ??????????????????????## ##??????????????? | | ??????????????????????# #??????????????? | | ??????????????????????# "" #??????????????? | | ??????????????????????##g "" #??????????????? | | ???????????????????????# @"" #??????????????? | | ?????????????#######"### ##??????????????? | | ?????????? $ #???????????????? | | ?????????? #???????????????? | | ????????????############ ;;#??????????????? | | ???????????????????????#####; #?????????????? | | ??????????????????????????? ## #???????????? | | ???????????????????????????#??## " ?????????? | | ????????????????????????????????### ???????? | | ??????????????????????????????????? ??????? | | ???????????????????????????????????? ??????? | | ????????????????????????????????????? ???????? | | ?????????????????????????????????????????????? | | ?????????????????????????????????????????????? | | ?????????????????????????????????????????????? | | ?????????????????????????????????????????????? | | ?????????????????????????????????????????????? | | ?????????????????????????????????????????????? | | ?????????????????????????????????????????????? | | ?????????????????????????????????????????????? | | ?????????????????????????????????????????????? | | ?????????????????????????????????????????????? | | ?????????????????????????????????????????????? | | ?????????????????????????????????????????????? | | ?????????????????????????????????????????????? | +----------------------------------------------------+ Best States ------------- Heat Dissipation 69 Energy Generation 14 Energy Capacity 275 Matter Stores 300 Matter Capacity 300 Sight Range 18 Terrain Scan Density 10 Armor Coverage 375 Evasion (%) 50 Targeting Accuracy 10 Recoil Reduction 2 Salvage Targeting 1 Item Schematics ----------------- None Robot Schematics ------------------ None Fabricated ------------ Nothing Alien Tech Used ----------------- None Achievements -------------- None Challenges ------------ None RPGLIKE | -11 -10 -10 -9 -9 --------- Run | Scr Mat Min Mat Min Levels Raised 5 | . 1 . 3 1 XP Earned 10875 | 3000 2170 750 4455 500 XP Spent 8200 | 2300 2150 . 3750 . Upgrades 11 | 4 3 . 4 . Propulsion Slot 1 | 1 . . . . Utility Slot 4 | 2 1 . 1 . Weapon Slot 3 | 1 1 . 1 . Inventory Capacity 3 | . 1 . 2 . Protomatter Created 638 | . 301 . 337 . Integrity Restored 1445 | . 665 54 588 138 Core 1107 | . 510 54 405 138 Parts 338 | . 155 . 183 . Protomatter Decayed 333 | . 52 . 281 . Game ------ Seed HoverMissileProjector Manual? 0 Play Time 00:21:22 Cumulative 1525.5 hours Start 2022.06.24 @ 18:51:25 End 2022.06.24 @ 19:21:03 Sessions 1 Manual Loads 0 Difficulty Rogue Special Mode Winter2019/RPGLIKE Game No. 536 Rogue 536 Adventurer 0 Explorer 0 Win Type - Total 108 Types 22/12/45/6/1/2/18/1/1 Lore% 97 Gallery% 97 Achievement% 86 Wizard Run 0 Options --------- ASCII 0 Keyboard 0 Movement Numpad Keybinds 0 Fullscreen 1 Font 18/SmallcapsGlow Map View 76x50 Tactical HUD 1 Map Filters NONE Filters NONE Steam 1 RUN: bf5938ee-83f2-4fec-9df7-80b18e953059